Unix NetHack Version 5.0.0-0 post-release - last build May  4 2026 22:22:43 (774f63e81ad911689b3a0859ea89b322d5daca8d,branch:main).

Game began 2026-05-07 09:54:07, ended 2026-05-07 10:31:35.

2459832143, chaotic male human Rogue

          -------
          .<....--
          -----.@h
              ----

2459832143 the Cutpurse  St:13 Dx:18 Co:11 In:12 Wi:12 Ch:9  Chaotic
Dlvl:6  $:27 HP:0(24) Pw:10(10) AC:6  Xp:3 T:839 

Latest messages:
 What do you want to eat? [hn or ?*] ?
 What do you want to eat? [hn or ?*] n
 Blecch!  Rotten food!
 You feel rather light headed.
 You hear someone counting gold coins.
 You feel less confused now.
 You finish eating the food ration.
 You hear the splashing of a naiad.
 The door opens.
 You descend the stairs.
 You hit the gnome.
 The gnome hits!
 You hit the gnome.
 You kill the gnome!
 The gnome hits!
 You kill the gnome!
 p - a golden potion.
 You miss the dwarf.
 The dwarf wields a broad pick!
 You hit the dwarf.
 The dwarf swings her broad pick.
 The dwarf hits!
 You descend the stairs.
 You hear a chugging sound.
 You don't have anything else to wear.
 You were wearing a +0 iron skull cap.
 You finish disrobing.
 What do you want to wear? [l or ?*] ?
 What do you want to wear? [l or ?*] L
 You don't have that object.
 What do you want to wear? [l or ?*] l
 You finish your dressing maneuver.
 The gnome thrusts one of her daggers.
 The gnome hits!
 You kill the gnome!
 The dwarf picks up 3 daggers.
 You miss the dwarf.
 You hit the dwarf.
 The dwarf thrusts her dagger.
 The dwarf hits!
 You miss the dwarf.
 You hit the dwarf.
 The dwarf thrusts her dagger.
 The dwarf hits!
 You die...
 Do you want your possessions identified? [ynq] (y) n
 Do you want to see your attributes? [ynq] (y) n
 Do you want an account of creatures vanquished? [ynaq] (y) n
 Do you want to see your conduct and achievements? [ynq] (y) n
 Do you want to see the dungeon overview? [ynq] (y) n

Inventory:
 Coins    ('$')
  $ - 27 gold pieces
 Weapons  (')')
  b - 13 +0 daggers (alternate weapons; not wielded)
  k - a +0 orcish dagger
  a - a corroded +0 short sword (weapon in left hand)
 Armor    ('[')
  l - an uncursed +0 orcish helm (being worn)
  c - a blessed +1 leather armor (being worn)
 Comestibles  ('%')
  h - an uncursed lichen corpse
 Scrolls  ('?')
  i - an uncursed scroll of identify
 Potions  ('!')
  m - a blessed potion of monster detection
  p - an uncursed potion of monster detection
  o - a cursed potion of monster detection
  g - an uncursed potion of oil
  d - an uncursed potion of sickness
 Wands    ('/')
  j - a wand of stasis (0:6)
 Tools    ('(')
  f - an empty uncursed sack
  e - an uncursed lock pick

2459832143 the Rogue's attributes:

Background:
 You were a Cutpurse, a level 3 male human Rogue.
 You were chaotic, on a mission for Kos
 who was opposed by Issek (lawful) and Mog (neutral).
 You were left-handed.
 You were in the Gnomish Mines, on level 6.
 You entered the dungeon 839 turns ago.
 You had 68 experience points, 12 more were needed to attain level 4.

Basics:
 You had 0 out of 24 hit points.
 You had all 10 energy points (spell power).
 Your armor class was 6.
 Your wallet contained 27 zorkmids.
 Autopickup was off.

Final Characteristics:
 Your strength was 13 (limit:18/100).
 Your dexterity was 18 (limit:18).
 Your constitution was 11 (limit:18).
 Your intelligence was 12 (limit:18).
 Your wisdom was 12 (limit:18).
 Your charisma was 9 (limit:18).

Final Status:
 You weren't hungry.
 You were unencumbered.
 You were wielding a short sword.
 You had basic skill with short sword.

Final Attributes:
 You were fervently aligned.
 You were stealthy.
 You were warded.
 You are dead.

Miscellaneous:
 You didn't encounter any bones levels.
 Total elapsed playing time was 37 minutes and 25 seconds.

Major events:
 Turn
    1: 2459832143 the chaotic male human Rogue entered the dungeon
  653: attained the rank of Cutpurse (level 3)
  791: entered the Gnomish Mines
  839: killed by a dwarf

You didn't know any spells.

Skills:
 Fighting Skills
   bare handed combat [Unskilled]
   two weapon combat  [Unskilled]
   riding             [Unskilled]
 Weapon Skills
   dagger             [Basic]
   knife              [Unskilled]
   short sword        [Basic]
   broadsword         [Unskilled]
   long sword         [Unskilled]
   two-handed sword   [Unskilled]
   saber              [Unskilled]
   club               [Unskilled]
   mace               [Unskilled]
   morning star       [Unskilled]
   flail              [Unskilled]
   hammer             [Unskilled]
   polearms           [Unskilled]
   spear              [Unskilled]
   crossbow           [Unskilled]
   dart               [Unskilled]
   shuriken           [Unskilled]
 Spellcasting Skills
   divination spells  [Unskilled]
   escape spells      [Unskilled]
   matter spells      [Unskilled]

Voluntary challenges:
 Character rerolling was not enabled.
 You followed a strict vegan diet.
 You were an atheist.
 You were illiterate.
 You never genocided any monsters.
 You never polymorphed an object.
 You never changed form.
 You used no wishes.
Achievements:
 You attained the rank of Cutpurse.
 You entered the Gnomish Mines.

 The Dungeons of Doom: levels 1 to 4
    Level 1:
       Some fountains.
    Level 2:
    Level 3:
    Level 4:
       A fountain, a sink.
       Stairs down to The Gnomish Mines.
 The Gnomish Mines: levels 5 to 6
    Level 5:
    Level 6: <- You were here.
       Final resting place for
          you, killed by a dwarf.


Vanquished creatures:
  a kobold leader
  2 acid blobs
  3 gnomes
  2 geckos
  2 jackals
  a goblin
  a grid bug
  4 lichens
  2 newts
18 creatures vanquished.

No species were genocided or became extinct.

Game over:
                       ----------
                      /          \
                     /    REST    \
                    /      IN      \
                   /     PEACE      \
                  /                  \
                  |    2459832143    |
                  |      27 Au       |
                  |   killed by a    |
                  |      dwarf       |
                  |                  |
                  |                  |
                  |       2026       |
                 *|     *  *  *      | *
        _________)/\\_//(\/(/\)/\//\/|_)_______

Goodbye 2459832143 the Rogue...

You died in The Gnomish Mines on dungeon level 6 with 547 points,
and 27 pieces of gold, after 839 moves.
You were level 3 with a maximum of 24 hit points when you died.

